NCAA
SOUTHERN CALIFORNIA TROJANS @ VILLANOVA WILDCATS
05/24/2029
 
TOP OF THE 1ST
Southern California Trojans batting - Pitching for Villanova Wildcats : LHP Shawn Ingram
Pitching: LHP Shawn Ingram
Batting: SHB Will O'Clerkin 0-0: Ball
1-0: TRIPLE (Groundball, 5L)
Batting: RHB Chris Bennett 0-0: Ball
1-0: Ball
2-0: SINGLE (Groundball, 56D)
Will O'Clerkin scores
Batting: RHB Ben Martínez 0-0: Ball
1-0: Called Strike
1-1: Foul Ball, location: 2F
1-2: Foul Ball, location: 2F
1-2: Foul Ball, location: 2F
1-2: Foul Ball, location: 2F
1-2: SINGLE (Line Drive, 89S)
Chris Bennett to second
Batting: RHB Keith Jewell 0-0: Ball
Chris Bennett steals 3rd base
1-0: Foul Ball, location: 2F
1-1: Fly out, F8 (Flyball, 8LD)
Runner from 3rd tags up, SCORES, no throw
Batting: LHB Gene Riddle 0-0: Ball
1-0: Called Strike
1-1: Ball
2-1: Swinging Strike
2-2: Fly out, F6 (Line Drive, 56D)
Batting: RHB Greg Burnett 0-0: Ball
Wild Pitch!
Ben Martínez to second
1-0: Ball
2-0: Called Strike
2-1: Ball
3-1: Swinging Strike
3-2: Ground out 6-3 (Groundball, 6M)
Top of the 1st over - 2 runs, 3 hits, 0 errors, 1 left on base; Southern California 2 - Villanova 0
BOTTOM OF THE 1ST
Villanova Wildcats batting - Pitching for Southern California Trojans : LHP Mike O'Lornasay
Pitching: LHP Mike O'Lornasay
Batting: RHB Bud López 0-0: Ball
1-0: Foul Ball, location: 2F
1-1: Swinging Strike
1-2: SOLO HOME RUN (Flyball, 7D), Distance : 361 ft
Batting: LHB Anthony Samples 0-0: Ball
1-0: Ball
2-0: Swinging Strike
2-1: Ball
3-1: Foul Ball, location: 2F
3-2: Foul Ball, location: 2F
3-2: Foul Ball, location: 2F
3-2: Foul Ball, location: 2F
3-2: Foul Ball, location: 2F
3-2: Foul Ball, location: 2F
3-2: Base on Balls
Batting: LHB William Donnelly 0-0: Ball
1-0: Ball
2-0: Ball
3-0: Base on Balls
Anthony Samples to second
Batting: RHB Paul Bell 0-0: Called Strike
0-1: Foul Ball, location: 2F
0-2: Foul Ball, location: 2F
0-2: SINGLE (Line Drive, 6D)
Anthony Samples to third
William Donnelly to second
Batting: RHB Gary Jones 0-0: Ball
1-0: Called Strike
1-1: Ball
2-1: Called Strike
2-2: Fly out, F7 (Flyball, 7)
Runner from 3rd tags up, SCORES, throw made
Batting: RHB Clay Cowden 0-0: Called Strike
0-1: Ground out 5-3 (Groundball, 56S)
William Donnelly to third
Paul Bell to second
Batting: SHB Neil Floyd 0-0: Ball
1-0: Swinging Strike
1-1: Fly out, F8 (Flyball, 8LM)
Bottom of the 1st over - 2 runs, 2 hits, 0 errors, 2 left on base; Southern California 2 - Villanova 2
TOP OF THE 2ND
Southern California Trojans batting - Pitching for Villanova Wildcats : LHP Shawn Ingram
Batting: LHB Rob Peterson 0-0: Ball
1-0: Ball
2-0: DOUBLE (Flyball, 78D)
Batting: RHB Fletcher López 0-0: Swinging Strike
0-1: Called Strike
0-2: Foul Ball, location: 2F
0-2: Strikes out looking
Batting: RHB Aaron González 0-0: Called Strike
0-1: Ball
1-1: Swinging Strike
1-2: Ball
2-2: Foul Ball, location: 2F
2-2: Ball
3-2: Base on Balls
Batting: SHB Will O'Clerkin 0-0: Ball
1-0: Called Strike
1-1: Ball
2-1: Foul Ball, location: 2F
2-2: Foul Ball, location: 2F
2-2: Foul Ball, location: 2F
2-2: Foul Ball, location: 2F
2-2: Ball
3-2: Base on Balls
Rob Peterson to third
Aaron González to second
Batting: RHB Chris Bennett 0-0: Ground out 3-1 (Groundball, 34S)
Rob Peterson scores
Aaron González to third
Will O'Clerkin to second
Batting: RHB Ben Martínez 0-0: Ball
1-0: Ball
2-0: Ball
3-0: Called Strike
3-1: Base on Balls
Batting: RHB Keith Jewell 0-0: Swinging Strike
0-1: Called Strike
0-2: Strikes out looking
Top of the 2nd over - 1 run, 1 hit, 0 errors, 3 left on base; Southern California 3 - Villanova 2
BOTTOM OF THE 2ND
Villanova Wildcats batting - Pitching for Southern California Trojans : LHP Mike O'Lornasay
Batting: LHB José Gómez 0-0: Called Strike
0-1: SOLO HOME RUN (Flyball, 7D), Distance : 364 ft
Batting: SHB John Gonzáles 0-0: Ball
1-0: SOLO HOME RUN (Flyball, 7D), Distance : 345 ft
Batting: RHB Bud López 0-0: Ball
1-0: Ball
2-0: Ball
3-0: Base on Balls
Batting: LHB Anthony Samples 0-0: Called Strike
0-1: Ball
Bud López steals 2nd base
1-1: Called Strike
1-2: Fly out, F8 (Flyball, 8LS)
Batting: LHB William Donnelly 0-0: Ball
1-0: Ball
2-0: Ball
3-0: Called Strike
3-1: Called Strike
3-2: Base on Balls
Batting: RHB Paul Bell 0-0: Swinging Strike
0-1: Called Strike
0-2: Strikes out looking
Batting: RHB Gary Jones 0-0: SINGLE (Groundball, 4S) (infield hit)
Bud López to third
William Donnelly to second
Batting: RHB Clay Cowden 0-0: Ball
1-0: Ball
2-0: Ball
3-0: Base on Balls
Bud López scores
William Donnelly to third
Gary Jones to second
Batting: SHB Neil Floyd 0-0: Called Strike
0-1: Swinging Strike
0-2: Ball
1-2: Strikes out swinging
Bottom of the 2nd over - 3 runs, 3 hits, 0 errors, 3 left on base; Southern California 3 - Villanova 5
TOP OF THE 3RD
Southern California Trojans batting - Pitching for Villanova Wildcats : LHP Shawn Ingram
Batting: LHB Gene Riddle 0-0: Fly out, F5 (Popup, 25F)
Batting: RHB Greg Burnett 0-0: Called Strike
0-1: Fly out, F9 (Flyball, 9S)
Batting: LHB Rob Peterson 0-0: Called Strike
0-1: Reached on error, E4 (Groundball, 4)
Batting: RHB Fletcher López 0-0: Foul Ball, location: 2F
0-1: Ball
1-1: Called Strike
1-2: Strikes out looking
Top of the 3rd over - 0 runs, 0 hits, 1 error, 1 left on base; Southern California 3 - Villanova 5
BOTTOM OF THE 3RD
Villanova Wildcats batting - Pitching for Southern California Trojans : LHP Mike O'Lornasay
Batting: LHB José Gómez 0-0: Ball
1-0: Foul Ball, location: 2F
1-1: Fly out, F9 (Flyball, 9LS)
Batting: SHB John Gonzáles 0-0: Foul Ball, location: 2F
0-1: Fly out, F8 (Flyball, 8LD)
Batting: RHB Bud López 0-0: Called Strike
0-1: Swinging Strike
0-2: Ball
1-2: Fly out, F4 (Popup, 4M)
Bottom of the 3rd over - 0 runs, 0 hits, 0 errors, 0 left on base; Southern California 3 - Villanova 5
TOP OF THE 4TH
Southern California Trojans batting - Pitching for Villanova Wildcats : LHP Shawn Ingram
Batting: RHB Aaron González 0-0: Called Strike
0-1: SINGLE (Groundball, 2L) (infield hit)
Batting: SHB Will O'Clerkin 0-0: Called Strike
0-1: Ball
1-1: Ball
2-1: Ball
3-1: Foul Ball, location: 2F
3-2: Foul Ball, location: 2F
3-2: Ground out 6-3 (Groundball, 6)
Aaron González to second
Batting: RHB Chris Bennett 0-0: Called Strike
0-1: 2-RUN HOME RUN (Flyball, 7LD), Distance : 330 ft
Batting: RHB Ben Martínez 0-0: Ball
1-0: Fly out, F9 (Flyball, 9LSF)
Batting: RHB Keith Jewell 0-0: Ball
1-0: Ball
2-0: Fly out, F6 (Line Drive, 6)
Top of the 4th over - 2 runs, 2 hits, 0 errors, 0 left on base; Southern California 5 - Villanova 5
BOTTOM OF THE 4TH
Villanova Wildcats batting - Pitching for Southern California Trojans : LHP Mike O'Lornasay
Batting: LHB Anthony Samples 0-0: Ball
1-0: Called Strike
1-1: Swinging Strike
1-2: Ball
2-2: Foul Ball, location: 2F
2-2: Foul Ball, location: 2F
2-2: Ball
3-2: Fly out, F6 (Line Drive, 6M)
Pitching: RHP Roberto Montoya
Batting: LHB William Donnelly 0-0: Foul Ball, location: 2F
0-1: Foul Ball, location: 2F
0-2: Ground out U3 (Groundball, 3)
Batting: RHB Paul Bell 0-0: Ball
1-0: Ground out 5-3 (Groundball, 5)
Bottom of the 4th over - 0 runs, 0 hits, 0 errors, 0 left on base; Southern California 5 - Villanova 5
TOP OF THE 5TH
Southern California Trojans batting - Pitching for Villanova Wildcats : LHP Shawn Ingram
Pitching: RHP Dave Spensley
Batting: LHB Gene Riddle 0-0: Ball
1-0: Ball
2-0: Fly out, F5 (Popup, 15)
Batting: RHB Greg Burnett 0-0: Ball
1-0: Ball
2-0: Swinging Strike
2-1: Called Strike
2-2: Ball
3-2: Base on Balls
Batting: LHB Rob Peterson 0-0: Called Strike
0-1: Fly out, F9 (Flyball, 89S)
Batting: RHB Fletcher López 0-0: Swinging Strike
0-1: Ball
1-1: Foul Ball, location: 2F
1-2: Ball
2-2: Foul Ball, location: 2F
2-2: Ball
3-2: Base on Balls
Greg Burnett to second
Batting: RHB Aaron González 0-0: Ball
1-0: Ball
2-0: Foul Ball, location: 2F
2-1: Foul Ball, location: 2F
2-2: Foul Ball, location: 2F
2-2: Strikes out swinging
Top of the 5th over - 0 runs, 0 hits, 0 errors, 2 left on base; Southern California 5 - Villanova 5
BOTTOM OF THE 5TH
Villanova Wildcats batting - Pitching for Southern California Trojans : RHP Roberto Montoya
Batting: RHB Gary Jones 0-0: Called Strike
0-1: Ball
1-1: Ground out 6-3 (Groundball, 6MS)
Batting: RHB Clay Cowden 0-0: Foul Ball, location: 2F
0-1: Ball
1-1: Called Strike
1-2: Strikes out swinging
Batting: SHB Neil Floyd 0-0: Ground out U3 (Groundball, 34)
Bottom of the 5th over - 0 runs, 0 hits, 0 errors, 0 left on base; Southern California 5 - Villanova 5
TOP OF THE 6TH
Southern California Trojans batting - Pitching for Villanova Wildcats : RHP Dave Spensley
Batting: SHB Will O'Clerkin 0-0: Ball
1-0: Ball
2-0: Ball
3-0: Called Strike
3-1: Fly out, F9 (Flyball, 89M)
Batting: RHB Chris Bennett 0-0: Ball
1-0: Called Strike
1-1: Ball
2-1: Foul Ball, location: 2F
2-2: Ball
3-2: Strikes out swinging
Batting: RHB Ben Martínez 0-0: Called Strike
0-1: Ball
1-1: Swinging Strike
1-2: Ground out 6-3 (Groundball, 6)
Top of the 6th over - 0 runs, 0 hits, 0 errors, 0 left on base; Southern California 5 - Villanova 5
BOTTOM OF THE 6TH
Villanova Wildcats batting - Pitching for Southern California Trojans : RHP Roberto Montoya
Batting: LHB José Gómez 0-0: Ball
1-0: Ball
2-0: Ball
3-0: Called Strike
3-1: Called Strike
3-2: Base on Balls
Batting: SHB John Gonzáles 0-0: Ball
1-0: Foul Ball, location: 2F
1-1: 2-RUN HOME RUN (Flyball, 9LD), Distance : 328 ft
Batting: RHB Bud López 0-0: Ball
1-0: Ball
2-0: Ball
3-0: Called Strike
3-1: Foul Ball, location: 2F
3-2: Ground out 6-3 (Groundball, 6)
Batting: LHB Anthony Samples 0-0: Foul Ball, location: 2F
0-1: Fly out, F4 (Popup, 34D)
Batting: LHB William Donnelly 0-0: Ball
1-0: Ball
2-0: Ball
3-0: Base on Balls
Batting: RHB Paul Bell 0-0: Called Strike
0-1: Swinging Strike
0-2: Ball
1-2: Ball
2-2: Ball
3-2: Foul Ball, location: 2F
3-2: Base on Balls
William Donnelly to second
Batting: RHB Gary Jones 0-0: Swinging Strike
0-1: Fly out, F9 (Flyball, 9)
Bottom of the 6th over - 2 runs, 1 hit, 0 errors, 2 left on base; Southern California 5 - Villanova 7
TOP OF THE 7TH
Southern California Trojans batting - Pitching for Villanova Wildcats : RHP Dave Spensley
Batting: RHB Keith Jewell 0-0: Called Strike
0-1: Called Strike
0-2: Ball
1-2: Foul Ball, location: 2F
1-2: Strikes out swinging
Batting: LHB Gene Riddle 0-0: Ball
1-0: Ball
2-0: Called Strike
2-1: Reached on error, E1 (Groundball, 13)
Batting: RHB Greg Burnett 0-0: Ball
1-0: Called Strike
1-1: Ground out 5-3 (Groundball, 5S)
Gene Riddle to second
Batting: LHB Rob Peterson 0-0: Foul Ball, location: 2F
0-1: Swinging Strike
0-2: Fly out, F3 (Line Drive, 34)
Top of the 7th over - 0 runs, 0 hits, 1 error, 1 left on base; Southern California 5 - Villanova 7
BOTTOM OF THE 7TH
Villanova Wildcats batting - Pitching for Southern California Trojans : RHP Roberto Montoya
Batting: RHB Clay Cowden 0-0: SINGLE (Groundball, 34D)
Batting: SHB Neil Floyd 0-0: Called Strike
0-1: Fielders Choice at 2nd, 6-4 (Groundball, 6)
Pitching: LHP Juan Pacheco
Batting: LHB José Gómez 0-0: Ball
1-0: Swinging Strike
1-1: Called Strike
1-2: SINGLE (Line Drive, 9S)
Neil Floyd to second
Pitching: LHP Doug Hamilton
Batting: SHB John Gonzáles 0-0: Ball
1-0: Ball
2-0: Ball
3-0: Base on Balls
Neil Floyd to third
José Gómez to second
Batting: RHB Bud López 0-0: GRAND SLAM HOME RUN (Flyball, 9LD), Distance : 320 ft
Batting: LHB Anthony Samples 0-0: Fly out, F8 (Flyball, 8LD)
Batting: LHB William Donnelly 0-0: Called Strike
0-1: Ball
1-1: Called Strike
1-2: Ball
2-2: Ball
3-2: Base on Balls
Batting: RHB Paul Bell 0-0: Ball
1-0: Called Strike
1-1: Foul Ball, location: 2F
1-2: Fly out, F7 (Flyball, 7)
Bottom of the 7th over - 4 runs, 3 hits, 0 errors, 1 left on base; Southern California 5 - Villanova 11
TOP OF THE 8TH
Southern California Trojans batting - Pitching for Villanova Wildcats : RHP Dave Spensley
Now in CF: Mario Ramírez
Batting: RHB Fletcher López 0-0: Called Strike
0-1: Fly out, F5 (Popup, 5SF)
Batting: RHB Aaron González 0-0: Fly out, F5 (Line Drive, 5)
Batting: SHB Will O'Clerkin 0-0: Ball
1-0: Called Strike
1-1: Ball
2-1: Fly out, F7 (Flyball, 7LS)
Top of the 8th over - 0 runs, 0 hits, 0 errors, 0 left on base; Southern California 5 - Villanova 11
BOTTOM OF THE 8TH
Villanova Wildcats batting - Pitching for Southern California Trojans : LHP Doug Hamilton
Batting: LHB Steve Jones 0-0: Foul Ball, location: 2F
0-1: Swinging Strike
0-2: Strikes out swinging
Batting: RHB Clay Cowden 0-0: Ball
1-0: SOLO HOME RUN (Flyball, 7LD), Distance : 315 ft
Batting: SHB Neil Floyd 0-0: Ball
1-0: Ball
2-0: Ball
3-0: Called Strike
3-1: Hit by Pitch
Batting: LHB José Gómez 0-0: Ball
1-0: Called Strike
1-1: SINGLE (Flyball, 78M)
Neil Floyd to second
Batting: SHB John Gonzáles 0-0: Ball
1-0: Called Strike
Neil Floyd steals 3rd base
José Gómez to second
1-1: Ball
2-1: Ball
3-1: Base on Balls
Batting: RHB Mario Ramírez 0-0: Foul Ball, location: 2F
0-1: Ball
1-1: Called Strike
1-2: Ball
2-2: SINGLE (Line Drive, 9LS)
Neil Floyd scores
José Gómez to third
John Gonzáles to second
Batting: LHB Anthony Samples 0-0: Foul Ball, location: 2F
0-1: Foul Ball, location: 2F
0-2: Strikes out swinging
Batting: LHB William Donnelly 0-0: Ball
1-0: Foul Ball, location: 2F
1-1: GRAND SLAM HOME RUN (Flyball, 9LD), Distance : 326 ft
Batting: RHB Paul Bell 0-0: Called Strike
0-1: Swinging Strike
0-2: Ball
1-2: SINGLE (Line Drive, 34D)
Batting: LHB Steve Jones 0-0: SINGLE (Line Drive, 56D)
Paul Bell to second
Batting: RHB Clay Cowden 0-0: Called Strike
0-1: Swinging Strike
0-2: Ball
1-2: Strikes out swinging
Bottom of the 8th over - 6 runs, 6 hits, 0 errors, 2 left on base; Southern California 5 - Villanova 17
TOP OF THE 9TH
Southern California Trojans batting - Pitching for Villanova Wildcats : RHP Dave Spensley
Now in LF: Steve Jones
Batting: RHB Chris Bennett 0-0: DOUBLE (Flyball, 78D)
Pitching: RHP Tim Hunter
Batting: RHB Ben Martínez 0-0: Ball
1-0: Ball
2-0: SINGLE (Groundball, 34D)
Chris Bennett to third
Batting: RHB Keith Jewell 0-0: Called Strike
0-1: Foul Ball, location: 2F
0-2: Ball
1-2: Ball
2-2: Strikes out swinging
Batting: LHB Gene Riddle 0-0: Ball
1-0: Ball
2-0: Called Strike
2-1: Called Strike
2-2: SINGLE (Flyball, 8LM)
Chris Bennett scores
Ben Martínez to second
Batting: RHB Greg Burnett 0-0: Called Strike
0-1: Swinging Strike
0-2: Strikes out looking
Batting: LHB Rob Peterson 0-0: Ball
1-0: Foul Ball, location: 2F
1-1: Ball
2-1: Swinging Strike
2-2: Ball
3-2: Foul Ball, location: 2F
3-2: Foul Ball, location: 2F
3-2: Strikes out looking
Top of the 9th over - 1 run, 3 hits, 0 errors, 2 left on base; Southern California 6 - Villanova 17
Saturday, December 16th, 2017 - OOTP Baseball 18.8 Build 76